AoeStats
← Loki_GT

Black Forest

509791126Analyzed
4v4 RM · 3d ago on Sep 28, 2026· 39m 13s· 8 players
Game mode
Random Map
Map size
Large (8 player)
Population
200
Speed
Normal
Resources
Standard
Victory
Conquest
Starting age
Dark Age
Ending age
Imperial Age
RankedLock teamsTeams togetherTeam positionsShared explorationLock speedFull tech treeHidden civsTurbo modeCheats
Victory
Defeat
🇧🇷 Chinese · Brazil
1260
+15
🇲🇽 Persians · Mexico
1249
+15
🇨🇦 Goths · Canada
1236
+16
🇬🇹 Danes · Guatemala
1234
+16
🇺🇸 Britons · United States
1285
-18
🇺🇸 Cumans · United States
1237
-16
🇺🇸 Franks · United States
1205
-14
🇨🇳 Mongols · China
1204
-14
Cherry wavessss
0:40 Loom
18:19 Feudal Age
26:08 Castle Age
26:03 Double-Bit Axe
36:53 Scale Mail Armor
37:03 Forging
36:51 Fletching
37:18 Forging
Loki_GT
0:26 Loom
12:37 Feudal Age
16:28 Castle Age
15:01 Double-Bit Axe
15:08 Horse Collar
23:09 Stone Mining
24:28 Bow Saw
26:20 Wheelbarrow
29:08 Imperial Age
27:25 Hand Cart
27:41 Scale Mail Armor
27:52 Forging
28:17 Heavy Plow
28:43 Gold Mining
29:09 Anarchy
29:50 Chain Mail Armor
30:06 Squires
29:28 Pikeman
29:31 Man-at-Arms
31:07 Conscription
30:31 Elite Huskarl
30:59 Capped Ram
33:13 Halberdier
36:13 Iron Casting
36:29 Perfusion
37:57 Blast Furnace
38:32 Two-Man Saw
Ralf, o fareja noob
0:27 Loom
17:15 Feudal Age
20:59 Castle Age
19:25 Double-Bit Axe
19:55 Horse Collar
22:24 Bow Saw
23:36 Heavy Plow
25:09 Fletching
28:00 Gold Mining
32:49 Imperial Age
31:56 Gold Shaft Mining
31:18 Bodkin Arrow
33:48 Bracer
35:16 Chemistry
36:21 Wheelbarrow
35:52 Padded Archer Armor
38:50 Hand Cart
39:21 Ballistics
[GDL] R_Oak
4:40 Loom
12:10 Feudal Age
12:52 Double-Bit Axe
15:34 Castle Age
13:26 Horse Collar
16:34 Bow Saw
17:43 Heavy Plow
23:48 Gold Mining
23:52 Stone Mining
27:42 Wheelbarrow
27:57 Scale Barding Armor
28:03 Forging
30:31 Imperial Age
28:43 Hand Cart
28:13 Town Watch
29:14 Gold Shaft Mining
29:17 Stone Shaft Mining
29:24 Chain Barding Armor
30:17 Iron Casting
31:10 Conscription
30:11 Elite War Elephant
32:08 Two-Man Saw
31:41 Crop Rotation
31:49 Plate Barding Armor
31:26 Bloodlines
31:16 Husbandry
33:09 Blast Furnace
32:24 Masonry
33:09 Fletching
35:16 Ballistics
38:33 Bodkin Arrow
39:32 Hoardings
39:12 Citadels
llamalord
1:20 Loom
14:36 Feudal Age
18:55 Castle Age
17:27 Double-Bit Axe
20:07 Bow Saw
22:25 Fletching
24:33 Horse Collar
28:05 Heavy Plow
29:47 Gold Mining
29:52 Stone Mining
29:50 Town Watch
31:36 Wheelbarrow
32:09 Town Patrol
32:32 Sanctity
36:17 Imperial Age
35:21 Gold Shaft Mining
34:11 Pikeman
34:59 Squires
34:44 Arson
35:11 Forging
35:02 Scale Mail Armor
36:24 Halberdier
38:09 Chain Mail Armor
AquilaMaximus
8:16 Loom
10:30 Feudal Age
11:46 Double-Bit Axe
11:42 Horse Collar
21:15 Castle Age
20:40 Wheelbarrow
21:00 Gold Mining
21:01 Stone Mining
23:39 Bow Saw
24:47 Wheelbarrow
24:15 Heavy Plow
26:03 Hand Cart
26:40 Coinage
27:07 Gold Shaft Mining
27:38 Caravan
29:54 Forging
29:58 Bloodlines
32:28 Imperial Age
31:39 Iron Casting
31:10 Scale Barding Armor
31:57 Steppe Husbandry
31:55 Murder Holes
31:50 Light Cavalry
32:31 Cavalier
33:34 Chain Barding Armor
33:05 Elite Steppe Lancer
35:09 Blast Furnace
35:45 Conscription
36:03 Banking
36:56 Plate Barding Armor
36:26 Paladin
38:04 Crop Rotation
kingKIRK
9:53 Loom
11:58 Feudal Age
16:22 Castle Age
14:48 Double-Bit Axe
17:46 Bow Saw
19:08 Wheelbarrow
23:25 Hand Cart
26:10 Gold Mining
30:13 Imperial Age
27:52 Scale Barding Armor
27:58 Forging
28:01 Loom
28:01 Town Watch
28:22 Devotion
29:04 Gold Shaft Mining
28:22 Stone Mining
28:47 Husbandry
29:10 Chain Barding Armor
29:53 Fervor
30:31 Cavalier
32:09 Plate Barding Armor
32:09 Iron Casting
32:04 Paladin
33:10 Conscription
34:03 Chivalry
36:18 Hoardings
37:09 Caravan
搞就完了
0:32 Loom
14:28 Feudal Age
15:12 Double-Bit Axe
15:10 Horse Collar
22:55 Castle Age
21:20 Gold Mining
21:21 Stone Mining
21:23 Fletching
21:45 Padded Archer Armor
24:04 Bow Saw
25:21 Gold Shaft Mining
26:45 Wheelbarrow
27:41 Heavy Plow
31:19 Imperial Age
30:09 Bodkin Arrow
31:42 Leather Archer Armor
31:55 Hand Cart
32:18 Bracer
32:47 Conscription
37:29 Ballistics
39:03 Chemistry
Connection lost

Rejoining the realm…

Still unreachable

The connection could not be restored.

Session expired

The server has moved on; the page needs a fresh start.